Devils vs Penguins

Created - April-19-14 at 11:07

Goals
1 2 3 T
Devils 2 1 2 5
Penguins 0 0 0 0
Shots
1 2 3 T
Devils 12 14 15 41
Penguins 7 8 4 19

1st period

1. Devils , Mike Weaver 1 (Mark Letestu, Saku Koivu) at 7:43
2. Devils , Trevor Daley 2 (Brenden Dillon, Steve Ott) at 12:32 (PP)

Penalties :
Andrew Ladd (PIT) for High sticking (Minor) at 2:26, Ryan Suter (PIT) for Interference (Minor) at 11:37, Kris Letang (PIT) for Fighting (Major) at 14:36, Niklas Hjalmarsson (NJD) for Fighting (Major) at 14:36, Ryan Suter (PIT) for Fighting (Major) at 14:36, Nikita Nikitin (NJD) for Fighting (Major) at 14:36, Ryan Getzlaf (PIT) for High sticking (Minor) at 14:36, Carl Hagelin (NJD) for Roughing (Minor) at 14:36, David Perron (PIT) for Hooking (Minor) at 14:36

2nd period

3. Devils , Cory Conacher 2 (Vladimir Sobotka, Niklas Hjalmarsson) at 13:28

Penalties :
Andrew Ladd (PIT) for Tripping (Minor) at 6:56, Matt Hunwick (PIT) for Slashing (Minor) at 14:40

3rd period

4. Devils , James van Riemsdyk 4 (Brenden Dillon, Trevor Daley) at 9:02 (PP)
5. Devils , Trevor Daley 3 (Brenden Dillon, James van Riemsdyk) at 16:39 (PP)

Penalties :
David Moss (PIT) for Interference (Minor) at 4:45, Andrew Ladd (PIT) for Hooking (Minor) at 8:37, Ryan Suter (PIT) for Hooking (Minor) at 11:11, Ryan Getzlaf (PIT) for High sticking (Minor) at 15:01

Goalie Stats

Corey Crawford (NJD), 19 saves from 19 shots - (1.000), W, 3-2-0, 60:00 minutes
Marc-Andre Fleury (PIT), 36 saves from 41 shots - (0.878), L, 3-2-1, 60:00 minutes

Players Stats for Devils

Player Name              G  A  P  +/- PIM S  H  SB GA TA FO     MP     PP MP  PK MP  
------------------------------------------------------------------------------------
Ales Hemsky              0  0  0   0  0   0  0  0  0  0  0/1    10:11   6:31   0:00 
Brenden Dillon           0  3  3   0  0   3  4  0  0  0  0/0    19:59   6:24   0:00 
Carl Hagelin             0  0  0   0  2   3  4  0  0  0  2/6    22:10   5:53   0:00 
Clarke MacArthur         0  0  0   1  0   0  1  0  0  0  0/0    14:16   0:13   0:00 
Cory Conacher            1  0  1   1  0   2  0  0  0  0  0/0    19:19   6:31   0:00 
James van Riemsdyk       1  1  2   0  0   5  3  0  0  0  1/1    22:54   6:09   0:00 
Jonathan Huberdeau       0  0  0   0  0   6  0  0  0  0  11/26  22:12   5:53   0:00 
Mark Letestu             0  1  1   1  0   2  0  0  0  0  6/7    16:02   0:00   0:00 
Mark Streit              0  0  0   0  0   3  1  1  0  0  0/0    11:52   6:54   0:00 
Mike Weaver              1  0  1   1  0   1  2  1  0  0  0/0    16:24   0:29   0:00 
Nikita Nikitin           0  0  0   1  5   0  1  2  0  0  0/0    18:38   6:00   0:00 
Niklas Hjalmarsson       0  1  1   1  5   1  2  1  0  0  0/0    17:05   0:00   0:00 
Saku Koivu               0  1  1   1  0   2  0  0  0  0  9/16   14:16   0:29   0:00 
Sergei Gonchar           0  0  0   0  0   1  0  0  0  0  0/0    12:41   0:00   0:00 
Steve Ott                0  1  1   1  0   3  6  0  0  0  3/9    18:36   6:31   0:00 
Tommy Wingels            0  0  0   0  0   1  0  0  0  0  0/0     4:40   0:29   0:00 
Trevor Daley             2  1  3   1  0   7  0  1  0  0  0/0    22:48   5:59   0:00 
Vladimir Sobotka         0  1  1   1  0   1  0  0  0  0  6/19   13:55   0:00   0:00 

Players Stats for Penguins

Player Name              G  A  P  +/- PIM S  H  SB GA TA FO     MP     PP MP  PK MP  
------------------------------------------------------------------------------------
Alexander Steen          0  0  0  -2  0   3  0  0  0  0  0/0    17:09   0:00   1:04 
Andrew Ladd              0  0  0   0  6   5  0  0  0  0  0/1    17:08   0:00   1:23 
Barret Jackman           0  0  0   0  0   0  2  3  0  0  0/0    16:10   0:00   7:27 
Brandon Saad             0  0  0   0  0   0  0  0  0  0  1/1    13:38   0:00   3:09 
Brendan Gallagher        0  0  0   0  0   0  0  0  0  0  0/0     5:43   0:00   0:00 
David Moss               0  0  0   0  2   0  0  1  0  0  0/4    11:57   0:00   9:12 
David Perron             0  0  0  -2  2   0  2  0  0  0  0/0    16:04   0:00   0:00 
Ed Jovanovski            0  0  0   0  0   0  0  0  0  0  0/0     4:13   0:00   0:00 
Gabriel Landeskog        0  0  0   0  0   2  3  0  0  0  0/0    15:48   0:00   0:00 
John Tavares             0  0  0   0  0   3  0  0  0  0  14/20  19:48   0:00   0:00 
Kris Letang              0  0  0  -2  5   0  1  2  0  0  0/0    16:24   0:00   1:34 
Matt Hunwick             0  0  0   0  2   0  1  3  0  0  0/0    14:11   0:00   1:16 
Ruslan Fedotenko         0  0  0   0  0   0  1  0  0  0  1/1     2:46   0:00   0:00 
Ryan Getzlaf             0  0  0  -2  4   1  5  0  0  0  15/26  19:44   0:00   2:55 
Ryan Suter               0  0  0  -2  9   0  0  1  0  0  0/0    19:25   0:00   4:37 
Stephane Robidas         0  0  0   0  0   2  1  3  0  0  0/0    24:46   0:00   7:25 
Stephen Weiss            0  0  0   0  0   3  0  1  0  0  16/32  23:17   0:00  10:02 
Victor Hedman            0  0  0   0  0   0  1  2  0  0  0/0    24:46   0:00   7:25 

3 Stars

1 - Trevor Daley (NJD)
2 - Corey Crawford (NJD)
3 - Brenden Dillon (NJD)

Power Play

Devils - 3 on 9 Attempt(s) - 33.33%
Penguins - 0 on 0 Attempt(s) - 0.00%

Penalty Kill

Devils - 0 on 0 Attempt(s) - 0.00% - Score 0 goal in Penalty Kill
Penguins - 6 on 9 Attempt(s) - 66.67% - Score 0 goal in Penalty Kill

Official

Referees : Greg Kimmerly and TJ Luxmore
Linesman : Pierre Racicot and John Grandt

Game Notes

General Fight at 14:36 of 1st period
Kris Letang beats up Niklas Hjalmarsson at 14:36 of 1st period
Ryan Suter beats up Nikita Nikitin at 14:36 of 1st period
Brendan Gallagher is injured at 11:18 of 2nd period (Right Knee)

Finance

Level 1 -- Attendance: 6500 (100.00%) -- Ticket Income $682,500
Level 2 -- Attendance: 4943 (98.86%) -- Ticket Income $370,725
Level 3 -- Attendance: 3352 (95.77%) -- Ticket Income $181,008
Level 4 -- Attendance: 2087 (100.00%) -- Ticket Income $91,828
Luxury Box -- Attendance: 1000 (100.00%) -- Ticket Income $205,000
Game was played at the Consol Energy Center
Total Attendance: 17882 (98.87%)
Total Ticket Income: $1,531,061
Other Income: $229,659
Total Income: $1,760,720


% Time on Ice - Devils

Lines # - Real PCT - Wanted PCT - Time Play
Normal Forward
1 - 35% - 35% - 15:45
2 - 27% - 30% - 12:22
3 - 30% - 20% - 13:21
4 - 8% - 15% - 3:40
Normal Defense
1 - 32% - 35% - 14:38
2 - 34% - 33% - 15:16
3 - 23% - 20% - 10:16
4 - 11% - 12% - 4:58
PP Forward
1 - 48% - 60% - 6:09
2 - 52% - 40% - 6:44
PP Defense
1 - 54% - 60% - 6:54
2 - 46% - 40% - 5:59
PK Forward
1 - 0% - 55%
2 - 0% - 45%
PK Defense
1 - 0% - 55%
2 - 0% - 45%
PK3 Forward
1 - 0% - 50%
2 - 0% - 50%
PK3 Defense
1 - 0% - 55%
2 - 0% - 45%
44 Forward
1 - 71% - 50% - 1:25
2 - 29% - 50% - 0:34
44 Defense
1 - 22% - 50% - 0:26
2 - 78% - 50% - 1:33
Last Minute Offensive  - 0:00
Last Minute Defensive  - 0:00
Total
Forward - 60:00
Defense - 60:00

% Time on Ice - Penguins

Lines # - Real PCT - Wanted PCT - Time Play
Normal Forward
1 - 35% - 33% - 15:48
2 - 36% - 33% - 16:05
3 - 23% - 24% - 10:29
4 - 6% - 10% - 2:46
Normal Defense
1 - 38% - 38% - 16:57
2 - 38% - 38% - 17:21
3 - 15% - 20% - 6:43
4 - 9% - 4% - 4:07
PP Forward
1 - 0% - 55%
2 - 0% - 45%
PP Defense
1 - 0% - 75%
2 - 0% - 25%
PK Forward
1 - 76% - 60% - 9:44
2 - 24% - 40% - 3:09
PK Defense
1 - 52% - 70% - 6:42
2 - 48% - 30% - 6:11
PK3 Forward
1 - 65% - 55% - 1:17
2 - 35% - 45% - 0:42
PK3 Defense
1 - 36% - 55% - 0:43
2 - 64% - 45% - 1:16
44 Forward
1 - 0% - 55%
2 - 0% - 45%
44 Defense
1 - 0% - 55%
2 - 0% - 45%
Last Minute Offensive  - 0:00
Last Minute Defensive  - 0:00
Total
Forward - 60:00
Defense - 60:00

Play by Play

1st period


0:01 of 1st period - John Tavares wins face-off versus Jonathan Huberdeau in neutral zone.
0:30 of 1st period - Shot by Jonathan Huberdeau.
0:30 of 1st period - Stopped by Marc-Andre Fleury with a rebound.
2:03 of 1st period - Shot by Brandon Saad.
2:03 of 1st period - Shot Misses the Net.
2:17 of 1st period - Shot by Stephen Weiss.
2:17 of 1st period - Stopped by Corey Crawford without a rebound.
2:18 of 1st period - John Tavares wins face-off versus Mark Letestu in Devils zone.
2:26 of 1st period - Minor Penalty to Andrew Ladd for High sticking.
2:27 of 1st period - Stephen Weiss wins face-off versus Steve Ott in Penguins zone.
2:27 of 1st period - Stephen Weiss is hit by Steve Ott.
3:28 of 1st period - Shot by Mark Streit.
3:28 of 1st period - Stopped by Marc-Andre Fleury without a rebound.
3:29 of 1st period - Ryan Getzlaf wins face-off versus Steve Ott in Penguins zone.
3:29 of 1st period - Ryan Getzlaf is hit by Steve Ott.
3:59 of 1st period - Icing by Ales Hemsky.
4:00 of 1st period - Ryan Getzlaf wins face-off versus Steve Ott in Devils zone.
4:35 of 1st period - Shot by Carl Hagelin.
4:35 of 1st period - Shot Misses the Net.
4:37 of 1st period - Shot by Mike Weaver.
4:37 of 1st period - Shot Misses the Net.
4:39 of 1st period - Shot by Clarke MacArthur.
4:39 of 1st period - Shot Misses the Net.
4:41 of 1st period - Shot by Clarke MacArthur.
4:41 of 1st period - Shot Misses the Net.
4:43 of 1st period - Shot by Clarke MacArthur.
4:43 of 1st period - Shot Misses the Net.
4:45 of 1st period - Shot by Trevor Daley.
4:45 of 1st period - Stopped by Marc-Andre Fleury with a rebound.
4:47 of 1st period - Shot by Vladimir Sobotka.
4:47 of 1st period - Shot Blocked by Kris Letang.
5:10 of 1st period - Shot by Mark Letestu.
5:10 of 1st period - Stopped by Marc-Andre Fleury without a rebound.
5:11 of 1st period - Mark Letestu wins face-off versus John Tavares in Penguins zone.
5:18 of 1st period - Tommy Wingels is hit by Gabriel Landeskog and loses puck.
5:33 of 1st period - Shot by Andrew Ladd.
5:33 of 1st period - Stopped by Corey Crawford with a rebound.
5:35 of 1st period - Shot by Andrew Ladd.
5:35 of 1st period - Stopped by Corey Crawford without a rebound.
5:36 of 1st period - Stephen Weiss wins face-off versus Vladimir Sobotka in Devils zone.
5:49 of 1st period - Shot by Brendan Gallagher.
5:49 of 1st period - Shot Misses the Net.
5:51 of 1st period - Shot by Stephen Weiss.
5:51 of 1st period - Stopped by Corey Crawford with a rebound.
5:53 of 1st period - Shot by Brandon Saad.
5:53 of 1st period - Shot Hit the Post.
5:55 of 1st period - Shot by Brendan Gallagher.
5:55 of 1st period - Shot Blocked by Mark Streit.
6:59 of 1st period - Shot by John Tavares.
6:59 of 1st period - Stopped by Corey Crawford without a rebound.
7:00 of 1st period - Saku Koivu wins face-off versus Ryan Getzlaf in Devils zone.
7:41 of 1st period - Shot by Mark Letestu.
7:41 of 1st period - Shot Misses the Net.
7:43 of 1st period - Shot by Mike Weaver.
7:43 of 1st period - Goal by Mike Weaver - Devils : 1 - Penguins : 0.
7:44 of 1st period - Jonathan Huberdeau wins face-off versus Stephen Weiss in neutral zone.
8:14 of 1st period - Brenden Dillon is hit by Ruslan Fedotenko and loses puck.
8:18 of 1st period - Icing by Brenden Dillon.
8:19 of 1st period - John Tavares wins face-off versus Jonathan Huberdeau in Devils zone.
8:25 of 1st period - Off-side.
8:26 of 1st period - Saku Koivu wins face-off versus Andrew Ladd in neutral zone.
8:37 of 1st period - Shot by Saku Koivu.
8:37 of 1st period - Shot Blocked by Ryan Suter.
10:21 of 1st period - David Perron is hit by James van Riemsdyk and loses puck.
10:39 of 1st period - Icing by Sergei Gonchar.
10:40 of 1st period - John Tavares wins face-off versus Vladimir Sobotka in Devils zone.
10:43 of 1st period - Shot by Gabriel Landeskog.
10:43 of 1st period - Shot Misses the Net.
10:48 of 1st period - Cory Conacher is hit by Gabriel Landeskog and loses puck.
11:37 of 1st period - Minor Penalty to Ryan Suter for Interference.
11:38 of 1st period - Jonathan Huberdeau wins face-off versus Stephen Weiss in Penguins zone.
11:39 of 1st period - Shot by Mark Streit.
11:39 of 1st period - Stopped by Marc-Andre Fleury without a rebound.
11:40 of 1st period - James van Riemsdyk wins face-off versus Stephen Weiss in Penguins zone.
11:43 of 1st period - Shot by Nikita Nikitin.
11:43 of 1st period - Shot Misses the Net.
12:07 of 1st period - Off-side.
12:08 of 1st period - Stephen Weiss wins face-off versus Ales Hemsky in neutral zone.
12:12 of 1st period - Victor Hedman is hit by Steve Ott and loses puck.
12:30 of 1st period - Shot by Brenden Dillon.
12:30 of 1st period - Shot Blocked by Victor Hedman.
12:32 of 1st period - Shot by Trevor Daley.
12:32 of 1st period - Goal by Trevor Daley - Devils : 2 - Penguins : 0.
12:33 of 1st period - Jonathan Huberdeau wins face-off versus Ryan Getzlaf in neutral zone.
12:33 of 1st period - James van Riemsdyk is hit by David Perron and loses puck.
12:50 of 1st period - Nikita Nikitin is hit by Barret Jackman and loses puck.
12:57 of 1st period - Shot by Jonathan Huberdeau.
12:57 of 1st period - Deflect By James van Riemsdyk.
12:57 of 1st period - Shot Misses the Net.
12:59 of 1st period - Shot by Niklas Hjalmarsson.
12:59 of 1st period - Shot Blocked by Matt Hunwick.
13:01 of 1st period - Shot by Niklas Hjalmarsson.
13:01 of 1st period - Stopped by Marc-Andre Fleury without a rebound.
13:02 of 1st period - John Tavares wins face-off versus Saku Koivu in Penguins zone.
13:26 of 1st period - Icing by Victor Hedman.
13:27 of 1st period - John Tavares wins face-off versus Jonathan Huberdeau in Penguins zone.
13:27 of 1st period - Victor Hedman is hit by Carl Hagelin.
13:28 of 1st period - Icing by Victor Hedman.
13:29 of 1st period - John Tavares wins face-off versus Jonathan Huberdeau in Penguins zone.
13:31 of 1st period - Stephane Robidas is hit by Carl Hagelin and loses puck.
14:02 of 1st period - Gabriel Landeskog is hit by Nikita Nikitin and loses puck.
14:36 of 1st period - Kris Letang beats up Niklas Hjalmarsson.
14:36 of 1st period - Penalty to Kris Letang for Fighting.
14:36 of 1st period - Penalty to Niklas Hjalmarsson for Fighting.
14:36 of 1st period - Ryan Suter beats up Nikita Nikitin.
14:36 of 1st period - Penalty to Ryan Suter for Fighting.
14:36 of 1st period - Penalty to Nikita Nikitin for Fighting.
14:36 of 1st period - Minor Penalty to Ryan Getzlaf for High sticking.
14:36 of 1st period - Minor Penalty to Carl Hagelin for Roughing.
14:36 of 1st period - Minor Penalty to David Perron for Hooking.
14:37 of 1st period - Saku Koivu wins face-off versus David Moss in Penguins zone.
15:02 of 1st period - Shot by Saku Koivu.
15:02 of 1st period - Stopped by Marc-Andre Fleury without a rebound.
15:03 of 1st period - Jonathan Huberdeau wins face-off versus David Moss in Penguins zone.
15:08 of 1st period - Shot by Vladimir Sobotka.
15:08 of 1st period - Shot Misses the Net.
15:10 of 1st period - Shot by Trevor Daley.
15:10 of 1st period - Stopped by Marc-Andre Fleury without a rebound.
15:11 of 1st period - Saku Koivu wins face-off versus David Moss in Penguins zone.
15:32 of 1st period - Shot by James van Riemsdyk.
15:32 of 1st period - Shot Blocked by Barret Jackman.
16:34 of 1st period - Icing by Sergei Gonchar.
16:35 of 1st period - Jonathan Huberdeau wins face-off versus David Moss in Devils zone.
16:48 of 1st period - Shot by Mark Letestu.
16:48 of 1st period - Deflect By Tommy Wingels.
16:48 of 1st period - Stopped by Marc-Andre Fleury without a rebound.
16:49 of 1st period - Stephen Weiss wins face-off versus Vladimir Sobotka in Penguins zone.
16:57 of 1st period - Brandon Saad is hit by Brenden Dillon and loses puck.
17:10 of 1st period - Shot by Vladimir Sobotka.
17:10 of 1st period - Shot Misses the Net.
17:17 of 1st period - Brandon Saad is hit by Brenden Dillon and loses puck.
17:48 of 1st period - Ryan Getzlaf is hit by Brenden Dillon and loses puck.
18:17 of 1st period - Cory Conacher is hit by David Perron and loses puck.
18:29 of 1st period - Andrew Ladd is hit by Brenden Dillon and loses puck.
18:32 of 1st period - Shot by Gabriel Landeskog.
18:32 of 1st period - Stopped by Corey Crawford with a rebound.
18:34 of 1st period - Shot by Andrew Ladd.
18:34 of 1st period - Stopped by Corey Crawford without a rebound.
18:35 of 1st period - Saku Koivu wins face-off versus Stephen Weiss in Devils zone.
18:40 of 1st period - Shot by Trevor Daley.
18:40 of 1st period - Stopped by Marc-Andre Fleury without a rebound.
18:41 of 1st period - Stephen Weiss wins face-off versus Saku Koivu in Penguins zone.
19:11 of 1st period - Mark Letestu is hit by Matt Hunwick and loses puck.
Goals for this period are 2 for Devils vs 0 for Penguins.
Shots for this period are 12 for Devils vs 7 for Penguins.

2nd period


0:01 of 2nd period - Ryan Getzlaf wins face-off versus Saku Koivu in neutral zone.
0:34 of 2nd period - Shot by Steve Ott.
0:34 of 2nd period - Stopped by Marc-Andre Fleury without a rebound.
0:35 of 2nd period - Stephen Weiss wins face-off versus Jonathan Huberdeau in Penguins zone.
0:35 of 2nd period - Stephen Weiss is hit by Carl Hagelin.
0:49 of 2nd period - Shot by Jonathan Huberdeau.
0:49 of 2nd period - Stopped by Marc-Andre Fleury with a rebound.
0:51 of 2nd period - Shot by Brenden Dillon.
0:51 of 2nd period - Stopped by Marc-Andre Fleury with a rebound.
0:59 of 2nd period - Shot by Carl Hagelin.
0:59 of 2nd period - Deflect By Jonathan Huberdeau.
0:59 of 2nd period - Stopped by Marc-Andre Fleury with a rebound.
1:01 of 2nd period - Shot by Brenden Dillon.
1:01 of 2nd period - Shot Misses the Net.
1:05 of 2nd period - Shot by Jonathan Huberdeau.
1:05 of 2nd period - Shot Misses the Net.
1:07 of 2nd period - Shot by James van Riemsdyk.
1:07 of 2nd period - Shot Blocked by Matt Hunwick.
1:09 of 2nd period - Shot by Sergei Gonchar.
1:09 of 2nd period - Stopped by Marc-Andre Fleury without a rebound.
1:10 of 2nd period - Mark Letestu wins face-off versus Ryan Getzlaf in Penguins zone.
1:24 of 2nd period - Mark Letestu is hit by Stephane Robidas and loses puck.
1:39 of 2nd period - Shot by Alexander Steen.
1:39 of 2nd period - Stopped by Corey Crawford with a rebound.
1:41 of 2nd period - Shot by Alexander Steen.
1:41 of 2nd period - Stopped by Corey Crawford without a rebound.
1:42 of 2nd period - Vladimir Sobotka wins face-off versus John Tavares in Devils zone.
1:46 of 2nd period - Sergei Gonchar is hit by Kris Letang and loses puck.
3:39 of 2nd period - Shot by Stephane Robidas.
3:39 of 2nd period - Stopped by Corey Crawford without a rebound.
3:40 of 2nd period - Jonathan Huberdeau wins face-off versus Stephen Weiss in Devils zone.
4:12 of 2nd period - Shot by James van Riemsdyk.
4:12 of 2nd period - Stopped by Marc-Andre Fleury without a rebound.
4:13 of 2nd period - Mark Letestu wins face-off versus John Tavares in Penguins zone.
4:18 of 2nd period - Shot by Ales Hemsky.
4:18 of 2nd period - Shot Misses the Net.
4:40 of 2nd period - Shot by Andrew Ladd.
4:40 of 2nd period - Stopped by Corey Crawford without a rebound.
4:41 of 2nd period - Ryan Getzlaf wins face-off versus Jonathan Huberdeau in Devils zone.
6:34 of 2nd period - Icing by Niklas Hjalmarsson.
6:35 of 2nd period - Vladimir Sobotka wins face-off versus John Tavares in Devils zone.
6:37 of 2nd period - Niklas Hjalmarsson is hit by Gabriel Landeskog.
6:56 of 2nd period - Minor Penalty to Andrew Ladd for Tripping.
6:57 of 2nd period - Stephen Weiss wins face-off versus Jonathan Huberdeau in Penguins zone.
7:41 of 2nd period - Shot by Brandon Saad.
7:41 of 2nd period - Shot Misses the Net.
8:14 of 2nd period - Off-side.
8:15 of 2nd period - Steve Ott wins face-off versus Ryan Getzlaf in neutral zone.
8:18 of 2nd period - Shot by Nikita Nikitin.
8:18 of 2nd period - Shot Blocked by David Moss.
8:20 of 2nd period - Shot by Mark Streit.
8:20 of 2nd period - Shot Misses the Net.
8:22 of 2nd period - Shot by Steve Ott.
8:22 of 2nd period - Shot Misses the Net.
8:24 of 2nd period - Shot by Steve Ott.
8:24 of 2nd period - Stopped by Marc-Andre Fleury with a rebound.
9:12 of 2nd period - Shot by Gabriel Landeskog.
9:12 of 2nd period - Stopped by Corey Crawford without a rebound.
9:13 of 2nd period - Ryan Getzlaf wins face-off versus Jonathan Huberdeau in Devils zone.
9:20 of 2nd period - Kris Letang is hit by James van Riemsdyk and loses puck.
9:55 of 2nd period - Carl Hagelin is hit by Ryan Getzlaf.
11:17 of 2nd period - Brendan Gallagher is hit by Steve Ott and loses puck.
11:18 of 2nd period - Brendan Gallagher from Penguins is injured at 11:18 of 2nd period (Right Knee).
11:19 of 2nd period - Ruslan Fedotenko wins face-off versus Vladimir Sobotka in Penguins zone.
11:24 of 2nd period - Shot by David Moss.
11:24 of 2nd period - Shot Blocked by Niklas Hjalmarsson.
12:42 of 2nd period - Shot by Alexander Steen.
12:42 of 2nd period - Stopped by Corey Crawford without a rebound.
12:43 of 2nd period - John Tavares wins face-off versus Jonathan Huberdeau in Devils zone.
12:43 of 2nd period - John Tavares is hit by Mike Weaver.
13:15 of 2nd period - Shot by Jonathan Huberdeau.
13:15 of 2nd period - Stopped by Marc-Andre Fleury without a rebound.
13:16 of 2nd period - Ryan Getzlaf wins face-off versus Vladimir Sobotka in Penguins zone.
13:20 of 2nd period - Icing by Ryan Suter.
13:21 of 2nd period - Ryan Getzlaf wins face-off versus Vladimir Sobotka in Penguins zone.
13:28 of 2nd period - Shot by Vladimir Sobotka.
13:28 of 2nd period - Deflect By Cory Conacher.
13:28 of 2nd period - Goal by Cory Conacher - Devils : 3 - Penguins : 0.
13:29 of 2nd period - Jonathan Huberdeau wins face-off versus Stephen Weiss in neutral zone.
13:34 of 2nd period - Icing by Victor Hedman.
13:35 of 2nd period - Saku Koivu wins face-off versus Stephen Weiss in Penguins zone.
14:13 of 2nd period - Shot by Saku Koivu.
14:13 of 2nd period - Deflect By Steve Ott.
14:13 of 2nd period - Shot Misses the Net.
14:15 of 2nd period - Shot by Trevor Daley.
14:15 of 2nd period - Stopped by Marc-Andre Fleury without a rebound.
14:16 of 2nd period - Jonathan Huberdeau wins face-off versus Ryan Getzlaf in Penguins zone.
14:22 of 2nd period - Kris Letang is hit by James van Riemsdyk and loses puck.
14:26 of 2nd period - Off-side.
14:27 of 2nd period - Ryan Getzlaf wins face-off versus Vladimir Sobotka in neutral zone.
14:39 of 2nd period - Sergei Gonchar is hit by Barret Jackman and loses puck.
14:40 of 2nd period - Minor Penalty to Matt Hunwick for Slashing.
14:41 of 2nd period - Stephen Weiss wins face-off versus Jonathan Huberdeau in Penguins zone.
15:07 of 2nd period - Shot by James van Riemsdyk.
15:07 of 2nd period - Shot Misses the Net.
15:09 of 2nd period - Shot by Mark Streit.
15:09 of 2nd period - Stopped by Marc-Andre Fleury without a rebound.
15:10 of 2nd period - Stephen Weiss wins face-off versus Steve Ott in Penguins zone.
15:25 of 2nd period - Shot by Cory Conacher.
15:25 of 2nd period - Shot Hit the Post.
15:37 of 2nd period - Shot by Brenden Dillon.
15:37 of 2nd period - Shot Hit the Post.
15:53 of 2nd period - Shot by David Moss.
15:53 of 2nd period - Deflect By Stephen Weiss.
15:53 of 2nd period - Stopped by Corey Crawford without a rebound.
15:54 of 2nd period - Carl Hagelin wins face-off versus Ryan Getzlaf in Devils zone.
15:54 of 2nd period - James van Riemsdyk is hit by Ryan Getzlaf and loses puck.
16:48 of 2nd period - Shot by Mark Letestu.
16:48 of 2nd period - Shot Misses the Net.
17:38 of 2nd period - Shot by Clarke MacArthur.
17:38 of 2nd period - Shot Misses the Net.
17:40 of 2nd period - Shot by Vladimir Sobotka.
17:40 of 2nd period - Stopped by Marc-Andre Fleury without a rebound.
17:41 of 2nd period - Ryan Getzlaf wins face-off versus Vladimir Sobotka in Penguins zone.
18:05 of 2nd period - Icing by Mark Streit.
18:06 of 2nd period - Vladimir Sobotka wins face-off versus Stephen Weiss in Devils zone.
18:24 of 2nd period - Shot by Cory Conacher.
18:24 of 2nd period - Stopped by Marc-Andre Fleury without a rebound.
18:25 of 2nd period - Stephen Weiss wins face-off versus Carl Hagelin in Penguins zone.
19:04 of 2nd period - Shot by Carl Hagelin.
19:04 of 2nd period - Stopped by Marc-Andre Fleury without a rebound.
19:05 of 2nd period - John Tavares wins face-off versus Steve Ott in Penguins zone.
19:23 of 2nd period - Shot by Steve Ott.
19:23 of 2nd period - Shot Blocked by Victor Hedman.
19:28 of 2nd period - Icing by Victor Hedman.
19:29 of 2nd period - John Tavares wins face-off versus Vladimir Sobotka in Penguins zone.
19:48 of 2nd period - Shot by Stephane Robidas.
19:48 of 2nd period - Shot Misses the Net.
19:56 of 2nd period - Shot by Gabriel Landeskog.
19:56 of 2nd period - Shot Blocked by Trevor Daley.
19:58 of 2nd period - Shot by Stephane Robidas.
19:58 of 2nd period - Stopped by Corey Crawford with a rebound.
Goals for this period are 1 for Devils vs 0 for Penguins.
Shots for this period are 14 for Devils vs 8 for Penguins.

3rd period


0:01 of 3rd period - Stephen Weiss wins face-off versus Saku Koivu in neutral zone.
0:33 of 3rd period - John Tavares is hit by Niklas Hjalmarsson and loses puck.
1:06 of 3rd period - Shot by David Perron.
1:06 of 3rd period - Shot Blocked by Nikita Nikitin.
1:11 of 3rd period - Icing by Saku Koivu.
1:12 of 3rd period - John Tavares wins face-off versus Saku Koivu in Devils zone.
1:16 of 3rd period - Andrew Ladd is hit by Niklas Hjalmarsson and loses puck.
1:25 of 3rd period - Shot by Gabriel Landeskog.
1:25 of 3rd period - Shot Misses the Net.
1:27 of 3rd period - Shot by Matt Hunwick.
1:27 of 3rd period - Shot Blocked by Nikita Nikitin.
1:29 of 3rd period - Shot by John Tavares.
1:29 of 3rd period - Stopped by Corey Crawford without a rebound.
1:30 of 3rd period - Jonathan Huberdeau wins face-off versus Ryan Getzlaf in Devils zone.
1:49 of 3rd period - Shot by Jonathan Huberdeau.
1:49 of 3rd period - Shot Misses the Net.
2:31 of 3rd period - Brenden Dillon is hit by Ryan Getzlaf and loses puck.
2:39 of 3rd period - Icing by Brenden Dillon.
2:40 of 3rd period - John Tavares wins face-off versus Vladimir Sobotka in Devils zone.
3:07 of 3rd period - Shot by John Tavares.
3:07 of 3rd period - Stopped by Corey Crawford without a rebound.
3:08 of 3rd period - Mark Letestu wins face-off versus Stephen Weiss in Devils zone.
3:32 of 3rd period - Icing by Stephen Weiss.
3:33 of 3rd period - Brandon Saad wins face-off versus Jonathan Huberdeau in Penguins zone.
3:56 of 3rd period - Shot by John Tavares.
3:56 of 3rd period - Shot Misses the Net.
3:58 of 3rd period - Shot by Kris Letang.
3:58 of 3rd period - Shot Blocked by Mike Weaver.
4:11 of 3rd period - Off-side.
4:12 of 3rd period - Mark Letestu wins face-off versus Ryan Getzlaf in neutral zone.
4:29 of 3rd period - Shot by Ales Hemsky.
4:29 of 3rd period - Shot Misses the Net.
4:44 of 3rd period - Off-side.
4:45 of 3rd period - Vladimir Sobotka wins face-off versus Stephen Weiss in neutral zone.
4:45 of 3rd period - Minor Penalty to David Moss for Interference.
4:46 of 3rd period - Stephen Weiss wins face-off versus Carl Hagelin in Penguins zone.
4:59 of 3rd period - Shot by Jonathan Huberdeau.
4:59 of 3rd period - Shot Misses the Net.
5:01 of 3rd period - Shot by Carl Hagelin.
5:01 of 3rd period - Shot Blocked by Stephen Weiss.
5:03 of 3rd period - Shot by Jonathan Huberdeau.
5:03 of 3rd period - Stopped by Marc-Andre Fleury without a rebound.
5:04 of 3rd period - Steve Ott wins face-off versus Stephen Weiss in Penguins zone.
5:50 of 3rd period - Ryan Getzlaf is hit by Mark Streit and loses puck.
6:17 of 3rd period - Victor Hedman is hit by Steve Ott and loses puck.
6:30 of 3rd period - Shot by Trevor Daley.
6:30 of 3rd period - Shot Blocked by Stephane Robidas.
6:38 of 3rd period - Shot by Brenden Dillon.
6:38 of 3rd period - Stopped by Marc-Andre Fleury without a rebound.
6:39 of 3rd period - Ryan Getzlaf wins face-off versus Jonathan Huberdeau in Penguins zone.
7:17 of 3rd period - Off-side.
7:18 of 3rd period - Saku Koivu wins face-off versus Ryan Getzlaf in neutral zone.
7:43 of 3rd period - Shot by Brenden Dillon.
7:43 of 3rd period - Stopped by Marc-Andre Fleury without a rebound.
7:44 of 3rd period - Vladimir Sobotka wins face-off versus John Tavares in Penguins zone.
8:07 of 3rd period - Shot by John Tavares.
8:07 of 3rd period - Shot Misses the Net.
8:19 of 3rd period - Shot by John Tavares.
8:19 of 3rd period - Deflect By Andrew Ladd.
8:19 of 3rd period - Stopped by Corey Crawford with a rebound.
8:37 of 3rd period - Minor Penalty to Andrew Ladd for Hooking.
8:38 of 3rd period - Carl Hagelin wins face-off versus Stephen Weiss in Penguins zone.
9:00 of 3rd period - Shot by Brenden Dillon.
9:00 of 3rd period - Shot Misses the Net.
9:02 of 3rd period - Shot by James van Riemsdyk.
9:02 of 3rd period - Goal by James van Riemsdyk - Devils : 4 - Penguins : 0.
9:03 of 3rd period - Saku Koivu wins face-off versus Ryan Getzlaf in neutral zone.
9:13 of 3rd period - Shot by Mark Letestu.
9:13 of 3rd period - Shot Blocked by Matt Hunwick.
9:17 of 3rd period - Shot by Steve Ott.
9:17 of 3rd period - Stopped by Marc-Andre Fleury without a rebound.
9:18 of 3rd period - Jonathan Huberdeau wins face-off versus Stephen Weiss in Penguins zone.
9:45 of 3rd period - Brandon Saad is hit by Carl Hagelin and loses puck.
9:57 of 3rd period - Icing by Trevor Daley.
9:58 of 3rd period - Ryan Getzlaf wins face-off versus Carl Hagelin in Devils zone.
9:58 of 3rd period - Ryan Getzlaf is hit by Mike Weaver.
10:12 of 3rd period - Shot by James van Riemsdyk.
10:12 of 3rd period - Stopped by Marc-Andre Fleury without a rebound.
10:13 of 3rd period - John Tavares wins face-off versus Saku Koivu in Penguins zone.
10:13 of 3rd period - Andrew Ladd is hit by Steve Ott and loses puck.
10:43 of 3rd period - Off-side.
10:44 of 3rd period - Ryan Getzlaf wins face-off versus Vladimir Sobotka in neutral zone.
10:49 of 3rd period - Cory Conacher is hit by Ryan Getzlaf and loses puck.
11:11 of 3rd period - Minor Penalty to Ryan Suter for Hooking.
11:12 of 3rd period - Jonathan Huberdeau wins face-off versus Stephen Weiss in Penguins zone.
11:19 of 3rd period - Shot by Carl Hagelin.
11:19 of 3rd period - Shot Misses the Net.
11:21 of 3rd period - Shot by Jonathan Huberdeau.
11:21 of 3rd period - Stopped by Marc-Andre Fleury without a rebound.
11:22 of 3rd period - Stephen Weiss wins face-off versus Jonathan Huberdeau in Penguins zone.
11:35 of 3rd period - Shot by Carl Hagelin.
11:35 of 3rd period - Stopped by Marc-Andre Fleury with a rebound.
11:37 of 3rd period - Shot by Carl Hagelin.
11:37 of 3rd period - Shot Blocked by Stephane Robidas.
11:39 of 3rd period - Shot by Mark Streit.
11:39 of 3rd period - Deflect By James van Riemsdyk.
11:39 of 3rd period - Stopped by Marc-Andre Fleury without a rebound.
11:40 of 3rd period - Stephen Weiss wins face-off versus Steve Ott in Penguins zone.
12:01 of 3rd period - Shot by Cory Conacher.
12:01 of 3rd period - Shot Misses the Net.
12:03 of 3rd period - Shot by Brenden Dillon.
12:03 of 3rd period - Shot Misses the Net.
12:05 of 3rd period - Shot by Trevor Daley.
12:05 of 3rd period - Shot Misses the Net.
12:17 of 3rd period - Shot by Brenden Dillon.
12:17 of 3rd period - Deflect By Cory Conacher.
12:17 of 3rd period - Shot Misses the Net.
12:19 of 3rd period - Shot by Steve Ott.
12:19 of 3rd period - Shot Misses the Net.
12:21 of 3rd period - Shot by Brenden Dillon.
12:21 of 3rd period - Shot Misses the Net.
12:35 of 3rd period - Shot by Nikita Nikitin.
12:35 of 3rd period - Shot Misses the Net.
12:47 of 3rd period - Shot by Carl Hagelin.
12:47 of 3rd period - Shot Misses the Net.
13:20 of 3rd period - Shot by Mark Letestu.
13:20 of 3rd period - Stopped by Marc-Andre Fleury without a rebound.
13:21 of 3rd period - Mark Letestu wins face-off versus Ryan Getzlaf in Penguins zone.
13:34 of 3rd period - Shot by Ryan Getzlaf.
13:34 of 3rd period - Stopped by Corey Crawford without a rebound.
13:35 of 3rd period - Vladimir Sobotka wins face-off versus John Tavares in Devils zone.
14:41 of 3rd period - Shot by Trevor Daley.
14:41 of 3rd period - Shot Blocked by Stephane Robidas.
15:01 of 3rd period - Minor Penalty to Ryan Getzlaf for High sticking.
15:02 of 3rd period - Steve Ott wins face-off versus Stephen Weiss in Penguins zone.
16:04 of 3rd period - Shot by James van Riemsdyk.
16:04 of 3rd period - Shot Misses the Net.
16:08 of 3rd period - Shot by James van Riemsdyk.
16:08 of 3rd period - Shot Misses the Net.
16:10 of 3rd period - Shot by Carl Hagelin.
16:10 of 3rd period - Shot Blocked by Barret Jackman.
16:16 of 3rd period - Shot by Carl Hagelin.
16:16 of 3rd period - Shot Blocked by Barret Jackman.
16:18 of 3rd period - Shot by Trevor Daley.
16:18 of 3rd period - Stopped by Marc-Andre Fleury without a rebound.
16:19 of 3rd period - Stephen Weiss wins face-off versus Jonathan Huberdeau in Penguins zone.
16:37 of 3rd period - Shot by Brenden Dillon.
16:37 of 3rd period - Shot Misses the Net.
16:39 of 3rd period - Shot by Trevor Daley.
16:39 of 3rd period - Goal by Trevor Daley - Devils : 5 - Penguins : 0.
16:40 of 3rd period - Ryan Getzlaf wins face-off versus Saku Koivu in neutral zone.
17:04 of 3rd period - Shot by Mark Letestu.
17:04 of 3rd period - Shot Misses the Net.
17:06 of 3rd period - Shot by Saku Koivu.
17:06 of 3rd period - Shot Blocked by Kris Letang.
17:08 of 3rd period - Shot by Saku Koivu.
17:08 of 3rd period - Stopped by Marc-Andre Fleury without a rebound.
17:09 of 3rd period - John Tavares wins face-off versus Vladimir Sobotka in Penguins zone.
17:09 of 3rd period - John Tavares is hit by Clarke MacArthur.
18:24 of 3rd period - Icing by Niklas Hjalmarsson.
18:25 of 3rd period - Ryan Getzlaf wins face-off versus Carl Hagelin in Devils zone.
18:35 of 3rd period - James van Riemsdyk is hit by Ryan Getzlaf and loses puck.
18:42 of 3rd period - Shot by James van Riemsdyk.
18:42 of 3rd period - Stopped by Marc-Andre Fleury with a rebound.
18:51 of 3rd period - Carl Hagelin is hit by Victor Hedman and loses puck.
18:54 of 3rd period - Shot by Carl Hagelin.
18:54 of 3rd period - Stopped by Marc-Andre Fleury without a rebound.
18:55 of 3rd period - Saku Koivu wins face-off versus Stephen Weiss in Penguins zone.
19:29 of 3rd period - Icing by Kris Letang.
19:30 of 3rd period - Stephen Weiss wins face-off versus Vladimir Sobotka in Penguins zone.
19:34 of 3rd period - Off-side.
19:35 of 3rd period - Ryan Getzlaf wins face-off versus Jonathan Huberdeau in neutral zone.
Goals for this period are 2 for Devils vs 0 for Penguins.
Shots for this period are 15 for Devils vs 4 for Penguins.


Output by the SimonT Hockey Simulator (STHS) for Stephane Roy -- Original Page W3C XHTML 1.0 Valid
Hockey Simulator - Hockey Simulation - Hockey Manager